 Dungeon Crawl Stone Soup version 0.16-a0-3699-g1c51eb1 (webtiles) character file.

37 MackTheKnife the Grasshopper (level 3, -1/16 HPs)
             Began as a Spriggan Wanderer on Jan 18, 2015.
             Hit by a goblin thrown by Robin (3 damage)
             ... on level 2 of the Dungeon.
             The game lasted 00:03:00 (1982 turns).

MackTheKnife the Grasshopper (Spriggan Wanderer)    Turns: 1982, Time: 00:03:00

Health: -1/16      AC:  2    Str:  6    XL:     3   Next: 23%
Magic:  6/6        EV: 15    Int: 15    God:
Gold:   36         SH:  0    Dex: 16    Spells: 0 memorised, 2 levels left

rFire  . . .     SeeInvis +     d - +0 dagger
rCold  . . .     Clarity  .     c - +0 robe
rNeg   . . .     SustAb   .     (shield restricted)
rPois  .         Gourm    .     (helmet restricted)
rElec  .         Spirit   .     (no cloak)
rCorr  .         Warding  .     (gloves unavailable)
rMut   .         Stasis   .     (boots unavailable)
MR     .....                    (no amulet)
Stlth  +++.......               (no ring)
                                (no ring)

@: very quick, not resistant to hostile enchantments, fairly stealthy
A: unfitting armour, see invisible, herbivore 3, speed 3, slow metabolism 2
a: no special abilities


You were on level 2 of the Dungeon.
You were not hungry.

You visited 1 branch of the dungeon, and saw 2 of its levels.

You collected 36 gold pieces.


Innate Abilities, Weirdness & Mutations

You are tiny and cannot use many weapons and most armour.
You have supernaturally acute eyesight.
You are a herbivore.
You cover ground extremely quickly.
You need consume almost no food.


   Skills:
 - Level 1.1 Throwing
 + Level 4.7 Stealth
   Level 3.6 Hexes
   Level 5.8 Translocations
   Level 1.0 Air Magic
 - Level 1.3 Evocations


You had 2 spell levels left.
You didn't know any spells.

Inventory:

Hand weapons
 d - a +0 dagger (weapon)
Armour
 c - a +0 robe (worn)
Magical devices
 a - a wand of enslavement (15)
Scrolls
 e - a scroll of enchant armour {unknown}
 g - a scroll of teleportation {unknown}
 i - a scroll of identify {unknown}
Books
 b - Ploim's Guide on the Compass

   Spells                             Type                      Level
   a - Apportation                    Translocation                1
   b - Shroud of Golubria             Charms/Translocation         2
Comestibles
 f - 2 bread rations
 h - a slice of pizza

# #.# ##. #.## # #.# ..###.#
#.# #.#.## #.# #.## ##+ #.#
#.# ##.. ####.# ###.# ##<..
##....# ##.#.# ##....
####...###########....###.....
+............ig.........+....S
####...###########..gg###.....
#.........# ###.#.####....
#.##..###.# #.......###... #.
#.## #.# #<###.#.# ##.. # #.#
#.# #.###.#.# ##+
#####.##.####.# #.##..#.# #.
..........g...# #.##.##.# #.
######.#.###### ##.......# ##.


You could see Robin and 2 goblins.


Message History

The goblin closely misses you.
You hit the goblin but do no damage. The goblin closely misses you.
You hit the goblin.
The goblin is heavily wounded.
The goblin barely misses you.
You closely miss the goblin.
The goblin is heavily wounded.
The goblin hits you.
* * * LOW HITPOINT WARNING * * *
You hit the goblin but do no damage.
The goblin is heavily wounded.
The goblin barely misses you.
You closely miss the goblin.
The goblin is heavily wounded.
The goblin closely misses you.
You hit the goblin but do no damage.
The goblin is heavily wounded.
The goblin hits you.
* * * LOW HITPOINT WARNING * * *
The hobgoblin hits you.
* * * LOW HITPOINT WARNING * * *
You hit the goblin.
You kill the goblin!
The hobgoblin hits you but does no damage.
You hit the hobgoblin but do no damage. The hobgoblin misses you.
Unknown command.
A goblin comes into view.
The goblin shouts!
Robin throws the goblin at you!
You die...

Action                   || total
-------------------------++-------
Melee: Dagger            ||   176
 Stab: Sleeping          ||     5

Vault maps used:
D:1:      evilmike_arrival_plus
D:2:      uniq_robin, uniq_crazy_yiuf_cottage

Notes
Turn   | Place    | Note
--------------------------------------------------------------
     0 | D:1      | MackTheKnife, the Spriggan Wanderer, began the quest for the Orb.
     0 | D:1      | MackTheKnife set off with: a wand of enslavement (15), Ploim's Guide on the Compass, a +0 robe, a +0 dagger, a bread ration
     0 | D:1      | Reached XP level 1. HP: 9/9 MP: 2/2
     0 | D:1      | Identified Ploim's Guide on the Compass
   253 | D:1      | Reached skill level 1 in Stealth
   370 | D:1      | Reached skill level 2 in Stealth
   495 | D:1      | Reached XP level 2. HP: 13/13 MP: 4/4
   561 | D:1      | Reached skill level 3 in Stealth
  1319 | D:2      | Reached skill level 4 in Stealth
  1528 | D:2      | Noticed Robin
  1782 | D:2      | Reached XP level 3. HP: 11/16 MP: 6/6
  1961 | D:2      | HP: 1/16 [hobgoblin (3)]
  1982 | D:2      | Hit by a goblin thrown by Robin

Vanquished Creatures
  2 oozes (D:1)
  8 bats
  3 goblins
  5 hobgoblins
  4 jackals (D:2)
  A giant newt (D:1)
  5 kobolds
  4 rats (D:1)
32 creatures vanquished.
